 Dungeon Crawl Stone Soup version 0.22.1-1-ga44c0e5 (webtiles) character file.

12369 Alter the Blocker (level 11, -3/89 HPs)
             Began as a Gnoll Fighter on Oct 4, 2018.
             Was a High Priest of Okawaru.
             Slain by a minotaur
             ... wielding a +0 trident of freezing
              (23 damage)
             ... in a labyrinth.
             The game lasted 00:37:21 (11155 turns).

Alter the Blocker (Gnoll Fighter)                  Turns: 11155, Time: 00:37:22

Health: -3/89      AC: 16    Str: 29    XL:     11   Next: 92%
Magic:  23/23      EV: 17    Int: 11    God:    Okawaru [*****.]
Gold:   710        SH: 14    Dex: 13    Spells: 20/23 levels left

rFire    + . .     SeeInvis .   u - +10 club
rCold    + + .     Gourm    .   g - +2 shield
rNeg     . . .     Faith    .   I - +5 ring mail "Mydosidwo" {MR+ Slay+3}
rPois    +         Spirit   .   l - +0 helmet
rElec    +         Reflect  .   e - scarf {cloud immunity}
rCorr    +         Harm     .   H - +2 pair of gloves {Str+3}
MR       +....     Clarity  +   (no boots)
Stlth    +++.......             (no amulet)
HPRegen  0.24/turn              o - ring of protection from cold
MPRegen  0.18/turn              s - +3 ring of evasion

@: mighty, resistant
A: distributed training, fangs 1, clarity, clumsy 1, high mp 1, strong nose
a: Heroism, Finesse, Renounce Religion


You were in a labyrinth.
You worshipped Okawaru.
Okawaru was extremely pleased with you.
You were near starving.

You visited 2 branches of the dungeon, and saw 12 of its levels.
You also visited: Labyrinth.

You collected 710 gold pieces.

Inventory:

Hand Weapons
 a - a +0 flail
 d - the +3 great mace "Posoorae" {protect, +Inv rN+}
   (You took it off an ogre on level 5 of the Dungeon)

   It protects the one who uses it against injury (+AC on strike).
   It protects you from negative energy.
   It lets you turn invisible.
 u - a +10 club (weapon)
Missiles
 i - 3 tomahawks
 k - 2 javelins (quivered)
Armour
 b - a +0 scale mail
 e - a scarf of cloud immunity (worn)
 g - a +2 shield (worn)
 l - a +0 helmet (worn)
 t - a +2 pair of gloves
 A - a +0 plate armour
 H - a +2 pair of gloves of strength (worn)
 I - the +5 ring mail "Mydosidwo" (worn) {MR+ Slay+3}
   (Okawaru gifted it to you on level 11 of the Dungeon)

   It affects your accuracy and damage with ranged weapons and melee attacks
   (+3).
   It affects your resistance to hostile enchantments.
Jewellery
 h - an uncursed ring of positive energy {unknown}
 m - an uncursed ring of wizardry
 o - a ring of protection from cold (left hand)
 s - a +3 ring of evasion (right hand)
 L - an uncursed amulet of harm
Wands
 E - a wand of iceblast (5)
Scrolls
 c - a scroll of immolation
 j - 2 scrolls of remove curse
 n - 4 scrolls of enchant weapon
 p - 2 scrolls of teleportation
 x - 3 scrolls of amnesia
 y - 4 scrolls of enchant armour
 z - a scroll of fog
 C - a scroll of fear
Potions
 v - a potion of cancellation
 w - 9 potions of curing
 B - a potion of flight
 D - a potion of lignification {unknown}
 F - a potion of heal wounds
 G - a potion of haste
Comestibles
 f - 19 rations


   Skills:
 + Level 9.4 Fighting
 + Level 6.6 Short Blades
 + Level 6.6 Long Blades
 + Level 6.6 Axes
 + Level 8.1 Maces & Flails
 + Level 6.6 Polearms
 + Level 6.6 Staves
 + Level 6.6 Slings
 + Level 6.6 Bows
 + Level 6.6 Crossbows
 + Level 6.6 Throwing
 + Level 9.4 Armour
 + Level 6.6 Dodging
 + Level 6.6 Stealth
 + Level 9.4 Shields
 + Level 6.6 Unarmed Combat
 + Level 6.6 Spellcasting
 + Level 5.5 Conjurations
 + Level 5.5 Hexes
 + Level 5.5 Charms
 + Level 5.5 Summonings
 + Level 5.5 Necromancy
 + Level 5.5 Translocations
 + Level 5.5 Transmutations
 + Level 5.5 Fire Magic
 + Level 5.5 Ice Magic
 + Level 5.5 Air Magic
 + Level 5.5 Earth Magic
 + Level 5.5 Poison Magic
 + Level 7.2 Invocations
 + Level 6.6 Evocations


You had 20 spell levels left.
You knew the following spells:

 Your Spells              Type           Power        Failure   Level  Hunger
a - Magic Dart            Conj           ###.         5%          1    None
b - Corona                Hex            ###....      5%          1    None
c - Shock                 Conj/Air       ###.         5%          1    None

Your spell library contained the following spells:

 Spells                   Type           Power        Failure   Level  Hunger
 Blink                    Tloc           N/A          9%          2    ##.....
 Call Imp                 Summ           ###.....     9%          2    ##.....
 Slow                     Hex            ###.....     9%          2    ##.....
 Swiftness                Chrm/Air       ###.....     9%          2    ##.....
 Conjure Flame            Conj/Fire      ###.....     16%         3    ###....
 Inner Flame              Hex/Fire       ###.....     16%         3    ###....
 Mephitic Cloud           Conj/Pois/Air  ###.....     16%         3    ###....
 Portal Projectile        Hex/Tloc       ###...       16%         3    ###....
 Static Discharge         Conj/Air       ###.....     16%         3    ###....
 Airstrike                Air            ###.......   47%         4    ####...
 Cause Fear               Hex            ###.......   47%         4    ####...
 Leda's Liquefaction      Hex/Erth       ###.......   47%         4    ####...
 Lightning Bolt           Conj/Air       ###.......   83%         5    ######.


Dungeon Overview and Level Annotations

Branches:
Dungeon (11/15)            Temple (1/1) D:6            Lair (0/6) D:10
    Orc: D:9-12

Altars:
Ashenzari
Cheibriados
Dithmenos
Elyvilon
Fedhas
Gozag
Hepliaklqana
Kikubaaqudgha
Makhleb
Nemelex Xobeh
Okawaru
Qazlal
Ru
Sif Muna
Trog
Uskayaw
Vehumet
Wu Jian
Xom
Yredelemnul
Zin
The Shining One


Innate Abilities, Weirdness & Mutations

Your experience applies equally to all skills.
You have very sharp teeth.
Your uncanny sense of smell can sniff out nearby items.
You possess an exceptional clarity of mind.
You are clumsy. (Dex -2)
You have an increased reservoir of magic. (+10% MP)


Message History

The minotaur gores you but does no damage.
You hit the minotaur.
The minotaur is severely wounded.
The minotaur hits you but does no damage.
The minotaur gores you!
You hit the minotaur but do no damage.
The minotaur is severely wounded.
The minotaur hits you but does no damage.
The minotaur closely misses you.
You hit the minotaur.
The minotaur is severely wounded.
The minotaur hits you with a trident of freezing.
* * * LOW HITPOINT WARNING * * *
The minotaur freezes you.
* * * LOW HITPOINT WARNING * * *
The minotaur gores you but does no damage.
You closely miss the minotaur. You bite the minotaur!
The minotaur is almost dead.
The minotaur hits you with a trident of freezing!!
You die...

# # # ∆ ..
.# # # . #
. #### # #
#.
#........
.#.
#.########.
# ##
#.#.....H#
...... #.#
#@# #### #
# # ∆#.#
.... . .#
####.#.###
.# .# #...
....#... .
≈. ≈
##########
###. . ∆ ..
. . ≈ . . #
# # . ≈∆ .
# .# .. #
≈. ≈ . . #
# ≈≈


You could see a minotaur.

Vanquished Creatures
  3 two-headed ogres
  An ugly thing (D:11)
  A centaur zombie (D:10)
  Psyche (D:11)
  4 gargoyles (Lab)
  A troll (D:7)
  Grinder (D:3)
  3 hippogriffs
  A hornet (D:11)
  Sigmund (D:6)
  A shadow (D:11)
  The ghost of tifemel the Covered, an amateur MiFi (D:5)
  Eustachio (D:6)
  2 yaks
  A hungry ghost (D:10)
  4 basilisks (Lab)
  An acid dragon (D:11)
  Duvessa (D:6)
  2 porcupines (D:10)
  An ice beast (D:11)
  3 sky beasts
  6 orc warriors
  A phantom (D:7)
  A necrophage (D:9)
  6 ogres
  6 centaurs
  2 crocodiles
  A big kobold (D:10)
  Blork the orc (D:6)
  3 bullfrogs
  3 gnoll sergeants (D:6)
  Dowan (D:6)
  3 scorpions
  9 wights
  5 killer bees (D:10)
  2 spriggan skeletons (Lab)
  4 howler monkeys
  3 crimson imps
  2 jellies
  7 orc wizards
  3 centaur skeletons
  2 orc priests
  A bullfrog skeleton (D:10)
  7 hounds
  Jessica (D:2)
  4 iguanas
  Natasha (thrice) (D:4)
  10 worker ants
  A hound zombie (D:5)
  A hound skeleton (D:7)
  3 gnolls (D:9)
  10 adders
  A shadow imp (D:6)
  An ooze (D:3)
  An adder zombie (D:8)
  3 worms (D:2)
  2 dart slugs (D:1)
  3 leopard geckos
  24 orcs
  A giant cockroach (D:1)
  19 goblins
  8 hobgoblins
  11 jackals
  11 kobolds
  3 quokkas
  A ball python (D:3)
  12 bats
  4 frilled lizards (D:2)
  A leopard gecko zombie (D:7)
  A quokka zombie (D:9)
  6 rats
260 creatures vanquished.

Vanquished Creatures (others)
  A fungus (D:10)
1 creature vanquished.

Grand Total: 261 creatures vanquished

Notes
Turn   | Place    | Note
-------+----------+-------------------------------------------
     0 | D:1      | Alter the Gnoll Fighter began the quest for the Orb.
     0 | D:1      | Reached XP level 1. HP: 23/23 MP: 1/1
    44 | D:1      | Reached XP level 2. HP: 21/29 MP: 2/2
   328 | D:1      | Gained mutation: You have an increased reservoir of magic.
                  | (+10% MP) [potion of mutation]
   328 | D:1      | Gained mutation: You are clumsy. (Dex -2) [potion of
                  | mutation]
   328 | D:1      | Gained mutation: You possess an exceptional clarity of
                  | mind. [potion of mutation]
   720 | D:2      | Reached XP level 3. HP: 34/35 MP: 4/4
   773 | D:2      | Reached skill level 1 in Invocations
  1076 | D:2      | Reached skill level 1 in Short Blades
  1076 | D:2      | Reached skill level 1 in Long Blades
  1076 | D:2      | Reached skill level 1 in Axes
  1076 | D:2      | Reached skill level 1 in Polearms
  1076 | D:2      | Reached skill level 1 in Staves
  1076 | D:2      | Reached skill level 1 in Slings
  1076 | D:2      | Reached skill level 1 in Bows
  1076 | D:2      | Reached skill level 1 in Crossbows
  1076 | D:2      | Reached skill level 1 in Throwing
  1076 | D:2      | Reached skill level 1 in Dodging
  1076 | D:2      | Reached skill level 1 in Stealth
  1076 | D:2      | Reached skill level 1 in Unarmed Combat
  1076 | D:2      | Reached skill level 1 in Spellcasting
  1076 | D:2      | Reached skill level 1 in Evocations
  1205 | D:2      | Reached XP level 4. HP: 41/41 MP: 6/6
  1287 | D:2      | Noticed Jessica
  1297 | D:2      | Killed Jessica
  1424 | D:3      | Reached skill level 1 in Conjurations
  1424 | D:3      | Reached skill level 1 in Hexes
  1424 | D:3      | Reached skill level 1 in Charms
  1424 | D:3      | Reached skill level 1 in Summonings
  1424 | D:3      | Reached skill level 1 in Necromancy
  1424 | D:3      | Reached skill level 1 in Translocations
  1424 | D:3      | Reached skill level 1 in Transmutations
  1424 | D:3      | Reached skill level 1 in Fire Magic
  1424 | D:3      | Reached skill level 1 in Ice Magic
  1424 | D:3      | Reached skill level 1 in Air Magic
  1424 | D:3      | Reached skill level 1 in Earth Magic
  1424 | D:3      | Reached skill level 1 in Poison Magic
  1567 | D:3      | Noticed an air elemental
  1569 | D:3      | Found a stormy altar of Qazlal.
  1607 | D:3      | Reached XP level 5. HP: 47/47 MP: 7/7
  1657 | D:3      | Noticed a water elemental
  1657 | D:3      | Noticed a fire elemental
  1685 | D:3      | Noticed Grinder
  1688 | D:3      | Paralysed by Grinder for 7 turns
  1718 | D:3      | Killed Grinder
  1718 | D:3      | Reached skill level 5 in Maces & Flails
  1718 | D:3      | Reached XP level 6. HP: 32/53 MP: 7/9
  2556 | D:4      | Reached XP level 7. HP: 54/59 MP: 11/11
  2557 | D:4      | Noticed Natasha
  2563 | D:4      | Killed Natasha
  2700 | D:4      | Noticed Natasha
  2705 | D:4      | Killed Natasha
  3037 | D:5      | Entered Level 5 of the Dungeon
  3060 | D:4      | Noticed Natasha
  3062 | D:4      | Killed Natasha
  3112 | D:5      | Noticed tifemel's ghost (amateur MiFi)
  3113 | D:5      | Found a transporter.
  3117 | D:5      | Found a transporter.
  3613 | D:5      | Reached XP level 8. HP: 53/67 MP: 13/13
  3628 | D:5      | Killed tifemel's ghost
  3632 | D:5      | Got a smoking great mace {protect}
  3640 | D:5      | Identified the +3 great mace "Posoorae" {protect, +Inv rN+}
                  | (You took it off an ogre on level 5 of the Dungeon)
  3846 | D:6      | Noticed Sigmund
  3880 | D:6      | Killed Sigmund
  3994 | D:6      | Found a staircase to the Ecumenical Temple.
  4001 | Temple   | Entered the Ecumenical Temple
  4653 | Temple   | Became a worshipper of Warmaster Okawaru
  4919 | D:6      | Noticed Blork the orc
  4930 | D:6      | Killed Blork the orc
  4957 | D:6      | Reached XP level 9. HP: 54/72 MP: 16/16
  5003 | D:6      | Reached * piety under Okawaru
  5303 | D:6      | Noticed Duvessa
  5304 | D:6      | Noticed Dowan
  5313 | D:6      | Killed Duvessa
  5321 | D:6      | Killed Dowan
  5479 | D:6      | Noticed Eustachio
  5523 | D:6      | Killed Eustachio
  5792 | D:7      | Noticed a troll
  5815 | D:7      | Killed a troll
  5815 | D:7      | Reached ** piety under Okawaru
  6142 | D:7      | Reached skill level 5 in Invocations
  6390 | D:7      | Learned a level 1 spell: Magic Dart
  6484 | D:7      | Reached XP level 10. HP: 44/80 MP: 12/18
  7120 | D:8      | Reached skill level 5 in Short Blades
  7120 | D:8      | Reached skill level 5 in Long Blades
  7120 | D:8      | Reached skill level 5 in Axes
  7120 | D:8      | Reached skill level 5 in Polearms
  7120 | D:8      | Reached skill level 5 in Staves
  7120 | D:8      | Reached skill level 5 in Slings
  7120 | D:8      | Reached skill level 5 in Bows
  7120 | D:8      | Reached skill level 5 in Crossbows
  7120 | D:8      | Reached skill level 5 in Throwing
  7120 | D:8      | Reached skill level 5 in Dodging
  7120 | D:8      | Reached skill level 5 in Stealth
  7120 | D:8      | Reached skill level 5 in Unarmed Combat
  7120 | D:8      | Reached skill level 5 in Spellcasting
  7120 | D:8      | Reached skill level 5 in Evocations
  7385 | D:8      | Noticed a two-headed ogre
  7413 | D:8      | Reached *** piety under Okawaru
  7658 | D:8      | Noticed a two-headed ogre
  7665 | D:8      | Killed a two-headed ogre
  7665 | D:8      | Received a gift from Okawaru
  7801 | D:8      | Killed a two-headed ogre
  8047 | D:9      | Found a runed door.
  8102 | D:9      | Noticed a two-headed ogre
  8111 | D:9      | Reached **** piety under Okawaru
  8147 | D:9      | Killed a two-headed ogre
  8147 | D:9      | Received a gift from Okawaru
  8147 | D:9      | Reached XP level 11. HP: 32/87 MP: 21/21
  8813 | D:10     | Entered Level 10 of the Dungeon
  9250 | D:10     | Found a staircase to the Lair.
  9259 | D:10     | Reached ***** piety under Okawaru
  9270 | D:10     | Reached skill level 5 in Conjurations
  9270 | D:10     | Reached skill level 5 in Hexes
  9270 | D:10     | Reached skill level 5 in Charms
  9270 | D:10     | Reached skill level 5 in Summonings
  9270 | D:10     | Reached skill level 5 in Necromancy
  9270 | D:10     | Reached skill level 5 in Translocations
  9270 | D:10     | Reached skill level 5 in Transmutations
  9270 | D:10     | Reached skill level 5 in Fire Magic
  9270 | D:10     | Reached skill level 5 in Ice Magic
  9270 | D:10     | Reached skill level 5 in Air Magic
  9270 | D:10     | Reached skill level 5 in Earth Magic
  9270 | D:10     | Reached skill level 5 in Poison Magic
  9290 | D:10     | Received a gift from Okawaru
 10292 | D:11     | Received a gift from Okawaru
 10309 | D:11     | Got a crude ring mail {god gift}
 10320 | D:11     | Identified the +5 ring mail "Mydosidwo" {MR+ Slay+3}
                  | (Okawaru gifted it to you on level 11 of the Dungeon)
 10333 | D:11     | Learned a level 1 spell: Corona
 10335 | D:11     | Learned a level 1 spell: Shock
 10377 | D:11     | Noticed Psyche
 10378 | D:11     | Noticed a red ugly thing
 10392 | D:11     | Killed a red ugly thing
 10395 | D:11     | Killed Psyche
 10418 | D:11     | Found a labyrinth entrance.
 10428 | Lab      | Entered a labyrinth
 11137 | Lab      | Noticed a minotaur
 11155 | Lab      | Slain by a minotaur

Skill      XL: |  1  2  3  4  5  6  7  8  9 10 11 |
---------------+----------------------------------+-----
Invocations    | 1 2 3 4 5 6 7 |  7.2
Short Blades   | 1 2 3 4 5 6 |  6.6
Long Blades    | 1 2 3 4 5 6 |  6.6
Axes           | 1 2 3 4 5 6 |  6.6
Polearms       | 1 2 3 4 5 6 |  6.6
Staves         | 1 2 3 4 5 6 |  6.6
Slings         | 1 2 3 4 5 6 |  6.6
Bows           | 1 2 3 4 5 6 |  6.6
Crossbows      | 1 2 3 4 5 6 |  6.6
Throwing       | 1 2 3 4 5 6 |  6.6
Dodging        | 1 2 3 4 5 6 |  6.6
Stealth        | 1 2 3 4 5 6 |  6.6
Unarmed Combat | 1 2 3 4 5 6 |  6.6
Spellcasting   | 1 2 3 4 5 6 |  6.6
Evocations     | 1 2 3 4 5 6 |  6.6
Conjurations   | 1 2 3 4 5 |  5.5
Hexes          | 1 2 3 4 5 |  5.5
Charms         | 1 2 3 4 5 |  5.5
Summonings     | 1 2 3 4 5 |  5.5
Necromancy     | 1 2 3 4 5 |  5.5
Translocations | 1 2 3 4 5 |  5.5
Transmutations | 1 2 3 4 5 |  5.5
Fire Magic     | 1 2 3 4 5 |  5.5
Ice Magic      | 1 2 3 4 5 |  5.5
Air Magic      | 1 2 3 4 5 |  5.5
Earth Magic    | 1 2 3 4 5 |  5.5
Poison Magic   | 1 2 3 4 5 |  5.5
Maces & Flails | 5 6 7 8 |  8.1
Fighting       | 7 8 9 |  9.4
Armour         | 7 8 9 |  9.4
Shields        | 7 8 9 |  9.4

Action                   |  1- 3 |  4- 6 |  7- 9 | 10-12 || total
-------------------------+-------+-------+-------+-------++-------
Melee: Flail             |   128 |    11 |       |       ||   139
       Bite              |     8 |     4 |    50 |    79 ||   141
       Club              |       |   116 |   360 |   499 ||   975
 Cast: Magic Dart        |       |       |     7 |    13 ||    20
       Shock             |       |       |       |    10 ||    10
       Corona            |       |       |       |     2 ||     2
Evoke: Wand              |       |       |       |     6 ||     6
  Use: Scroll            |     5 |     1 |     5 |    10 ||    21
       Potion            |     1 |       |     8 |     3 ||    12
 Stab: Sleeping          |       |       |       |     1 ||     1
       Distracted        |       |       |       |     1 ||     1
  Eat: Chunk             |     1 |     4 |    13 |    16 ||    34
Armor: Scale mail        |    52 |    65 |   107 |    26 ||   250
       Plate armour      |       |       |       |   129 ||   129
       Ring mail         |       |       |       |    17 ||    17
Dodge: Dodged            |    23 |    56 |   183 |   231 ||   493
Block: Shield            |    80 |    80 |   235 |   383 ||   778
